 Dungeon Crawl Stone Soup version 0.30.0-19-g36f170ea60 (webtiles) character file.

Game seed: 9878239616259936551

1013 bmack86 the Cleaver (level 8, -5/64 HPs)
             Began as a Minotaur Fighter on May 28, 2023.
             Was an Initiate of Gozag.
             Splashed by a jelly's acid (7 damage)
             ... on level 5 of the Dungeon.
             The game lasted 00:14:07 (4093 turns).

bmack86 the Cleaver (Minotaur Fighter)              Turns: 4093, Time: 00:14:08

Health: -5/64      AC: -2    Str: 24    XL:     8   Next: 1%
Magic:  7/7        EV:  5    Int:  5    God:    Gozag
Gold:   238        SH:  8    Dex:  9    Spells: 7/7 levels left

rFire   . . .        a - +0 war axe
rCold   . . .        h - +0 kite shield
rNeg    . . .        v - +0 plate armour
rPois   .            (helmet restricted)
rElec   .            u - +0 cloak
rCorr   .            (no gloves)
SInv    +            i - +0 pair of boots {Stlth+}
Will    .....        (no amulet) Stlth
                     g - ring of see invisible
HPRegen 0.30/turn    (no ring)
MPRegen 0.10/turn

%: no passive effects
@: corroded
A: horns 2, retaliatory headbutt
a: Renounce Religion, Potion Petition, Call Merchant, Bribe Branch


You were on level 5 of the Dungeon.
You worshipped Gozag.
Gozag was aware of your devotion.
You visited 2 branches of the dungeon, and saw 6 of its levels.
You also visited: Sewer.

You collected 934 gold pieces.
You spent 652 gold pieces at shops.
You paid 44 gold pieces to Gozag.

Inventory:

Hand Weapons
 a - a +0 war axe (weapon)
Missiles
 b - 7 javelins
 o - 6 boomerangs (quivered)
 y - a throwing net
Armour
 h - a +0 kite shield (worn)
 i - a +0 pair of boots of stealth (worn)
 l - a scarf of resistance
 q - a +0 chain mail
 u - a +0 cloak (worn)
 v - a +0 plate armour (worn)
Jewellery
 g - a ring of see invisible (left hand)
Wands
 n - a wand of polymorph (7)
Scrolls
 c - 2 scrolls of enchant weapon
 f - 2 scrolls of fear
 j - a scroll of fog
 m - 3 scrolls of teleportation
 s - 2 scrolls of poison
 t - a scroll of brand weapon
 B - 2 scrolls of enchant armour {unknown}
Potions
 d - 3 potions of might
 e - 2 potions of magic
 k - 2 potions of brilliance
 p - 5 potions of heal wounds
 r - 3 potions of curing
 w - a potion of cancellation
 x - 2 potions of invisibility
 z - a potion of lignification
 A - a potion of degeneration
 C - a potion of attraction
 D - a potion of berserk rage {unknown}


   Skills:
 - Level 3.6 Fighting
 + Level 11.3 Axes
 - Level 3.6 Armour
 - Level 3.6 Shields


You had 7 spell levels left.
You didn't know any spells.
Your spell library contained the following spells:

 Spells                   Type           Power      Damage    Failure   Level
 Lesser Beckoning         Tloc           0%         N/A       100%        2
 Gell's Gravitas          Tloc           0%         N/A       100%        3
 Teleport Other           Tloc           0%         N/A       100%        3


Dungeon Overview and Level Annotations

Branches:
Dungeon (5/15)             Temple (1/1) D:5           Sewer (visited)

Altars:
Cheibriados
Elyvilon
Fedhas
Gozag
Hepliaklqana
Kikubaaqudgha
Makhleb
Nemelex Xobeh
Okawaru
Qazlal
Ru
Sif Muna
Trog
Vehumet
Xom
Yredelemnul
Zin
The Shining One

Shops:
D:4 ?*([:   D:5 *


Innate Abilities, Weirdness & Mutations

You have a pair of horns on your head.
You reflexively headbutt those who attack you in melee.


Message History

You hit the jelly. The acid corrodes you!
Your hands burn!
The jelly is heavily wounded.
You block the jelly's attack. The jelly hits you.
You are splashed with acid!
* * * LOW HITPOINT WARNING * * *
You hit the jelly but do no damage. The acid corrodes you!
Your hands burn!
* * * LOW HITPOINT WARNING * * *
The jelly is heavily wounded.
The jelly hits you but does no damage.
You feel much better. The jelly hits you but does no damage.
You barely miss the jelly.
You headbutt the jelly, but do no damage.
The jelly is heavily wounded.
The jelly hits you.
You are splashed with acid!
You barely miss the jelly. You headbutt the jelly.
The jelly is severely wounded.
The jelly jiggles.
You block the jelly's attack.
You hit the jelly.
Your hands burn!
The jelly is almost dead.
You block the jelly's attack.
You hit the jelly but do no damage.
Your hands burn!
* * * LOW HITPOINT WARNING * * *
The jelly is almost dead.
The jelly hits you.
* * * LOW HITPOINT WARNING * * *
You are splashed with acid!
* * * LOW HITPOINT WARNING * * *
You hit the jelly but do no damage.
Your hands burn!
* * * LOW HITPOINT WARNING * * *
You headbutt the jelly, but do no damage.
The jelly is almost dead.
You block the jelly's attack.
You hit the jelly but do no damage.
Your hands burn!
* * * LOW HITPOINT WARNING * * *
The jelly is almost dead.
The jelly hits you.
* * * LOW HITPOINT WARNING * * *
The acid corrodes you!
You are splashed with acid!
You die...
Your body crumbles into a pile of gold.

. ## #### ##.. ##.# ##..## ##....
.... ####....####...... ....#
#.####....#.......#
#...####.####............##
#....#....##..............##
.##............#..##........#
.......####....J@.##..#.....##
....##......#....###.........##
.... ##.#.###....###..........###
.....#..#.##.............#>......
.....#.#.....#.#.###.....#.#.#.#.
#....#.....###........#...#...#
###..................#.#.#.#.#.
#.....................#...#..
#..................#.#.#.#.#.


You could see a jelly.

Vanquished Creatures
  2 ogres (D:5)
  A centaur (D:5)
  A scorpion (D:4)
  2 hounds
  A jelly (D:5)
  Crazy Yiuf (D:4)
  A sleepcap (D:4)
  Jessica (D:2)
  3 iguanas
  Natasha (thrice) (D:2)
  3 orc wizards (D:5)
  A hell rat (Sewer)
  4 gnolls
  10 adders
  4 river rats
  A shadow imp (D:5)
  A white imp (D:5)
  An ufetubus (D:4)
  5 worms
  2 dart slugs
  6 orcs
  6 endoplasms
  4 giant cockroaches
  6 hobgoblins
  5 jackals (D:1)
  8 kobolds
  2 quokkas
  11 ball pythons
  5 bats
  A frilled lizard (D:1)
  5 goblins
  15 rats
122 creatures vanquished.

Notes
Turn   | Place    | Note
-------+----------+-------------------------------------------
     0 | D:1      | bmack86 the Minotaur Fighter began the quest for the Orb.
     0 | D:1      | Reached XP level 1. HP: 19/19 MP: 0/0
   172 | D:1      | Reached skill level 3 in Axes
   172 | D:1      | Reached XP level 2. HP: 21/26 MP: 1/1
   245 | D:1      | Reached skill level 4 in Axes
   359 | D:1      | Reached XP level 3. HP: 31/31 MP: 2/2
   758 | D:2      | Found an opulent altar of Gozag.
   770 | D:2      | Became a worshipper of Gozag Ym Sagoz the Greedy
   864 | D:2      | Noticed Jessica
   869 | D:2      | Killed Jessica
   870 | D:2      | Reached skill level 5 in Axes
   983 | D:2      | Reached XP level 4. HP: 39/39 MP: 3/3
  1003 | D:2      | Noticed Natasha
  1008 | D:2      | Killed Natasha
  1038 | D:2      | Noticed Natasha
  1046 | D:2      | Killed Natasha
  1047 | D:2      | Reached skill level 6 in Axes
  1148 | D:2      | Reached XP level 5. HP: 41/45 MP: 4/4
  1312 | D:2      | Noticed Natasha
  1319 | D:2      | Killed Natasha
  1837 | D:3      | Reached skill level 7 in Axes
  2413 | D:4      | Found Juhudoza's Antique Armour Shoppe.
  2416 | D:4      | Bought a kite shield for 108 gold pieces
  2416 | D:4      | Bought a pair of glowing boots for 180 gold pieces
  2450 | D:4      | Reached XP level 6. HP: 51/51 MP: 5/5
  2457 | D:4      | Noticed a walking divine tome
  2472 | D:4      | Found Qaunkoro's Book Emporium.
  2484 | D:4      | Noticed a walking crystal tome
  2552 | D:4      | Found Ceaqoepn's General Store.
  2571 | D:4      | Bought a scroll of enchant weapon for 90 gold pieces
  2692 | D:4      | Found a glowing drain.
  2701 | Sewer    | Entered a sewer
  2714 | Sewer    | Reached skill level 8 in Axes
  2874 | D:4      | Found Cegiqov's Magic Scroll Boutique.
  2923 | D:4      | Bought a scroll of identify for 28 gold pieces
  2923 | D:4      | Bought a scroll of identify for 28 gold pieces
  2923 | D:4      | Bought a scroll of identify for 28 gold pieces
  2923 | D:4      | Bought a scroll of identify for 28 gold pieces
  2952 | D:4      | Found Bul Feagh's Antique Weapon Boutique.
  3009 | D:4      | Found a runed translucent door.
  3010 | D:4      | Noticed Crazy Yiuf
  3018 | D:4      | Killed Crazy Yiuf
  3261 | D:4      | Reached skill level 9 in Axes
  3263 | D:4      | Reached XP level 7. HP: 39/57 MP: 6/6
  3441 | D:5      | Entered Level 5 of the Dungeon
  3473 | D:5      | Reached skill level 10 in Axes
  3595 | D:5      | Found a staircase to the Ecumenical Temple.
  3621 | D:5      | Found Sonirch's Assorted Antiques.
  3642 | Temple   | Entered the Ecumenical Temple
  3825 | D:5      | Bought a scroll labelled IGOS ZADWU for 24 gold pieces
  3825 | D:5      | Bought a purple potion for 21 gold pieces
  3825 | D:5      | Bought a bubbling cyan potion for 21 gold pieces
  3825 | D:5      | Bought a scroll of identify for 48 gold pieces
  3825 | D:5      | Bought a scroll of identify for 48 gold pieces
  3887 | D:5      | Reached skill level 11 in Axes
  4024 | D:5      | Reached XP level 8. HP: 62/64 MP: 7/7
  4093 | D:5      | HP: 2/64 [jelly (3)]
  4093 | D:5      | Splashed by a jelly's acid

Illustrated notes

Levels and vault maps discovered:
D:1:      sevenhm_arrival_forest_fort_small_4, layout_basic
D:2:      minmay_general_purpose_star, layout_loops_ring, basic_altar,
          uniq_natasha, uniq_jessica
D:3:      layout_basic
D:4:      layout_basic, lightli_sewer_entry_pipes, serial_shops,
          nicolae_shop_stone, nicolae_shop_mannequins, shop, shop,
          nicolae_shop_peninsula, minmay_joined_circles, uniq_crazy_yiuf_cottage
D:5:      layout_cave_pools, nicolae_dithmenos_through_a_glass_darkly,
          mainiacjoe_overflow_two_lobes, minmay_temple_entry_statues_fountains,
          serial_shops, nicolae_shop_trees, kennysheep_crisscross
Temple:   regret_index_temple_chain_breaker

Skill      XL: |  1  2  3  4  5  6  7 |
---------------+----------------------+-----
Axes           | 3 4 5 6 7 9 11 | 11.3
Fighting       | |  3.6
Armour         | |  3.6
Shields        | |  3.6

Action                     |  1- 3 |  4- 6 |  7- 9 || total
---------------------------+-------+-------+-------++-------
  Melee: War axe           |    53 |   168 |    67 ||   288
         Headbutt          |    13 |    20 |    11 ||    44
    Use: Scroll            |     3 |    10 |     4 ||    17
         Potion            |       |       |     1 ||     1
   Stab: Distracted        |       |     1 |       ||     1
 Armour: Scale mail        |    30 |       |       ||    30
         Chain mail        |     1 |    64 |       ||    65
         Plate armour      |       |    13 |    47 ||    60
  Dodge: Dodged            |    38 |    58 |    14 ||   110
  Block: Buckler           |    19 |    11 |       ||    30
         Kite shield       |       |    38 |    36 ||    74
